 Dungeon Crawl Stone Soup version 0.29-a0-542-g075992c915 (webtiles) character file.

Game seed: 10572624588554184535

114 happo123 the Sneak (level 5, -5/29 HPs)
             Began as a Kobold Enchanter on June 4, 2022.
             Slain by an ogre
             ... wielding a +0 giant spiked club
              (21 damage)
             ... on level 3 of the Dungeon.
             The game lasted 00:12:39 (2612 turns).

happo123 the Sneak (Kobold Enchanter)               Turns: 2612, Time: 00:12:40

Health: -5/29      AC:  2    Str:  5    XL:     5   Next: 19%
Magic:  9/9        EV: 15    Int: 18    God:
Gold:   139        SH:  0    Dex: 16    Spells: 1/9 levels left

rFire   . . .      SeeInvis .   k - +1 dagger (venom)
rCold   . . .      Faith    .   (no shield)
rNeg    . . .      Spirit   .   b - +0 robe
rPois   .          Reflect  .   (no helmet)
rElec   .          Harm     .   (no cloak)
rCorr   .          Rampage  .   (no gloves)
Will    .....                   (no boots)
Stlth   ++++......              (no amulet)
HPRegen 0.09/turn               (no ring)
MPRegen 0.11/turn               (no ring)

@: no status effects
A: small, no large weapons, nightstalker 3
a: no special abilities


You were on level 3 of the Dungeon.
You visited 1 branch of the dungeon, and saw 3 of its levels.

You collected 139 gold pieces.

Inventory:

Hand Weapons
 a - a +1 dagger
 k - a +1 dagger of venom (weapon)
Armour
 b - a +0 robe (worn)
Wands
 p - a wand of digging (3)
Scrolls
 d - 2 scrolls of teleportation {unknown}
 f - 3 scrolls of vulnerability {unknown}
 g - 3 scrolls of identify {unknown}
 h - a scroll of amnesia {unknown}
 j - 2 scrolls of enchant armour {unknown}
 l - 3 scrolls of magic mapping {unknown}
 o - a scroll of blinking {unknown}
Potions
 c - 2 potions of invisibility
 e - a potion of haste {unknown}
 i - 2 potions of degeneration {unknown}
 m - a potion of berserk rage {unknown}
 n - a potion of brilliance {unknown}
 q - a potion of experience {unknown}


   Skills:
 + Level 1.4 Fighting
 + Level 2.3 Short Blades
 + Level 3.1 Dodging
 + Level 4.6 Stealth
 + Level 2.7 Spellcasting
 * Level 4.0 Hexes


You had one spell level left.
You knew the following spells:

 Your Spells              Type           Power      Damage    Failure   Level
a - Ensorcelled Hibernat  Hex/Ice        18%        N/A       11%         2
b - Confusing Touch       Hex            16%        N/A       10%         3
c - Tukima's Dance        Hex            16%        N/A       10%         3

Your spell library contained the following spells:

 Spells                   Type           Power      Damage    Failure   Level
 Dazzling Flash           Conj/Hex       18%        N/A       22%         3
 Gell's Gravitas          Tloc           2%         N/A       45%         3
 Lesser Beckoning         Tloc           2%         N/A       45%         3
 Teleport Other           Tloc           2%         N/A       45%         3


Dungeon Overview and Level Annotations

Branches:
Dungeon (3/15)

Altars:
Trog


Innate Abilities, Weirdness & Mutations

You are small and have problems with some larger weapons.
You are completely attuned to the shadows.


Message History

The ball python looks drowsy...
The helpless ball python fails to defend itself.
You impale the ball python!!
You kill the ball python!
l - 3 scrolls labelled ADIMYUBLOQA (gained 1)
A ball python comes into view.
A frilled lizard comes into view.
The helpless ball python fails to defend itself.
You impale the ball python!!
You kill the ball python!
An endoplasm comes into view.
The helpless frilled lizard fails to defend itself.
You impale the frilled lizard!!
You kill the frilled lizard!
Found a smoky orange potion.
Found 17 gold pieces.
The helpless endoplasm fails to defend itself.
You impale the endoplasm!!
You kill the endoplasm!
Your Hexes skill increases to level 4!
Found a dagger.
Found a faded altar of an unknown god.
q - a smoky orange potion You now have 139 gold pieces (gained 17).
Found a stone staircase leading down.
Found a stone staircase leading up.
Found a robe.
An endoplasm comes into view.
Found a stone staircase leading up.
The helpless endoplasm fails to defend itself.
You impale the endoplasm!!
You kill the endoplasm!
An ogre comes into view. It is wielding a +0 giant spiked club.
The helpless ogre fails to defend itself.
You impale the ogre!!
The ogre is poisoned.
The ogre is almost dead.
The ogre hits you with a +0 giant spiked club!
The ogre attacks as you move away!
The ogre hits you with a +0 giant spiked club!!
Ouch! That really hurt!
You die...

#.......#. #.#...#.#.
#.##..#.## #.# #.
##.#.# #.# #.. #.#.#
#<##.# #.#.# #.#.#
##.#.# #..## .##....##
##.#@# ....#..†.
#[.##O# #....## #.##
#.# ##.#.# #.#
#.#########.#.# #.#
#.##..........#
###.####.##.##.....###
#.....##.##.........#
#.....##.........#..#
#............#.#.._...


You could see an ogre (very poisoned).

Vanquished Creatures
  An iguana (D:3)
  2 adders
  7 endoplasms
  8 giant cockroaches
  3 goblins
  9 hobgoblins
  7 jackals
  6 kobolds
  A quokka (D:2)
  9 ball pythons
  4 bats
  2 frilled lizards
  3 rats
62 creatures vanquished.

Vanquished Creatures (others)
  5 plants (D:3)
5 creatures vanquished.

Grand Total: 67 creatures vanquished

Notes
Turn   | Place    | Note
-------+----------+-------------------------------------------
     0 | D:1      | happo123 the Kobold Enchanter began the quest for the Orb.
     0 | D:1      | Reached XP level 1. HP: 10/10 MP: 3/3
   334 | D:1      | Reached XP level 2. HP: 16/16 MP: 5/5
   337 | D:1      | Learned a level 2 spell: Ensorcelled Hibernation
   655 | D:1      | Reached XP level 3. HP: 20/20 MP: 6/6
   659 | D:1      | Learned a level 3 spell: Confusing Touch
  1162 | D:2      | Reached skill level 1 in Fighting
  1245 | D:2      | Found a bloodstained altar of Trog.
  1428 | D:2      | Reached XP level 4. HP: 24/25 MP: 7/7
  2457 | D:3      | Reached XP level 5. HP: 19/29 MP: 3/9
  2463 | D:3      | Learned a level 3 spell: Tukima's Dance
  2577 | D:3      | Found a faded altar of an unknown god.
  2608 | D:3      | Noticed an ogre
  2612 | D:3      | Slain by an ogre

Illustrated notes

Levels and vault maps discovered:
D:1:      dpeg_arrival_shelter, layout_basic
D:2:      minmay_door_path, layout_loops_cross, basic_altar
D:3:      layout_loops_ring, mainiacjoe_overflow_chevrons,
          ebering_ecumenical_altar_rust

Skill      XL: |  1  2  3  4  5 |
---------------+----------------+-----
Fighting       | 1 |  1.4
Short Blades   | 2 |  2.3
Dodging        | 3 |  3.1
Hexes          | 4 |  4.0
Stealth        | |  4.6
Spellcasting   | |  2.7

Action                   |  1- 3 |  4- 6 || total
-------------------------+-------+-------++-------
Melee: Dagger            |    76 |    49 ||   125
 Cast: Ensorcelled Hiber |     6 |     9 ||    15
 Stab: Sleeping          |    20 |    21 ||    41
       Distracted        |     1 |       ||     1
Armor: Robe              |    11 |     2 ||    13
Dodge: Dodged            |    34 |    34 ||    68

Table legend: (Time is in decaauts)
 A = Elapsed time spent in this place.
 B = Non-inter-level travel time spent in this place.
 C = Inter-level travel time spent in this place.
 D = Time resting spent in this place.
 E = Time spent auto-exploring this place.
 F = Levels seen in this place.
 G = Mean time per level.
                   A        B        C        D        E       F      G
               +--------+--------+--------+--------+--------+-----+--------+
         Total |   2600 |   2295 |    305 |      0 |   1869 |   3 |  866.7 |
       Dungeon |   2600 |   2295 |    305 |      0 |   1869 |   3 |  866.7 |
               +--------+--------+--------+--------+--------+-----+--------+

Top non-repeatable levels by time:
     D:1: 1251 daAuts
     D:2: 997 daAuts
     D:3: 352 daAuts
